 Dungeon Crawl Stone Soup version 0.29.1-13-g9f3cf754e1 (webtiles) character file.

Game seed: 10104667664197167739

691 growler the Digger (level 7, 0/46 HPs)
             Began as a Demonspawn Wanderer on Feb 8, 2023.
             Slain by a wyvern (12 damage)
             ... on level 5 of the Dungeon.
             The game lasted 00:14:01 (6023 turns).

growler the Digger (Demonspawn Wanderer)            Turns: 6023, Time: 00:14:01

Health: 0/46       AC: 10    Str: 12    XL:     7   Next: 36%
Magic:  10/14      EV: 10    Int: 15    God:
Gold:   201        SH:  0    Dex: 13    Spells: 12/16 levels left

rFire   + . .      SeeInvis .   a - +2 dagger
rCold   . . .      Faith    .   (no shield)
rNeg    . . .      Spirit   .   j - +2 ring mail of Jyqav {rPois rF+ Int+3 Dex-3}
rPois   +          Reflect  .   (no helmet)
rElec   .          Harm     .   (no cloak)
rCorr   +          Rampage  .   (no gloves)
Will    .....                   (no boots)
Stlth   ++........              (no amulet)
HPRegen 0.15/turn               m - ring of resist corrosion
MPRegen 0.14/turn               (no ring)

@: very slightly contaminated
A: yellow scales 2, demonic touch 1
a: no special abilities


You were on level 5 of the Dungeon.
You visited 1 branch of the dungeon, and saw 5 of its levels.

You collected 201 gold pieces.

Inventory:

Hand Weapons
 a - a +2 dagger (weapon)
 d - a +0 dagger
Missiles
 c - 22 poisoned darts (quivered)
Armour
 f - a +0 robe
 j - the +2 ring mail of Jyqav (worn) {rPois rF+ Int+3 Dex-3}
   (You found it on level 2 of the Dungeon)

   Int:       It affects your intelligence (+3).
   Dex:       It affects your dexterity (-3).
   rF:        It protects you from fire.
   rPois:     It protects you from poison.
Jewellery
 m - a ring of resist corrosion (left hand)
 r - a ring of positive energy
Wands
 o - a wand of charming (5)
Scrolls
 e - a scroll of summoning
 g - 3 scrolls of teleportation
 h - 2 scrolls of poison
 k - a scroll of silence {unknown}
 n - a scroll of enchant armour {unknown}
 p - a scroll of noise {unknown}
 s - a scroll of amnesia {unknown}
 t - a scroll of fog {unknown}
 x - a scroll of identify
Potions
 b - a potion of heal wounds
 i - a potion of haste {unknown}
 l - a potion of attraction
 q - a potion of flight
 u - 3 potions of might {unknown}
 v - a potion of invisibility
 w - 2 potions of brilliance {unknown}


   Skills:
 - Level 1.7 Throwing
 - Level 1.7 Armour
 - Level 3.6 Stealth
 - Level 5.0 Spellcasting
 + Level 5.5 Earth Magic


You had 12 spell levels left.
You knew the following spells:

 Your Spells              Type           Power      Damage    Failure   Level
a - Sandblast             Erth           40%        2d10      3%          1
b - Stone Arrow           Conj/Erth      24%        3d8       34%         3

Your spell library contained the following spells:

 Spells                   Type           Power      Damage    Failure   Level
 Animate Dead             Necr           3%         N/A       98%         4
 Haunt                    Necr/Summ      1%         N/A       100%        7
 Infestation              Necr           1%         N/A       100%        8


Dungeon Overview and Level Annotations

Branches:
Dungeon (5/15)
 Temple: D:4-7

Altars:

Annotations:
D:3 1 runed translucent door, AverageBear's ghost, amateur DsFi


Innate Abilities, Weirdness & Mutations

You are mostly covered in yellow scales. (AC +3)
Your touch may inflict minor irresistible damage on your foes.


Message History

The blast of sand hits the wyvern but does no damage.
The wyvern bites you!
Casting: Sandblast (safe; 3% risk of failure)
Confirm with . or Enter, or press ? or * to list all spells.
Aiming: Sandblast (safe; 3% risk of failure)
Press: ? - help, Shift-Dir - straight line, f/p - wyvern
Aim: a wyvern (83% to hit)
The blast of sand hits the wyvern.
The wyvern is lightly wounded.
The wyvern closely misses you.
The wyvern bites you but does no damage.
Casting: Sandblast (safe; 3% risk of failure)
Confirm with . or Enter, or press ? or * to list all spells.
Aiming: Sandblast (safe; 3% risk of failure)
Press: ? - help, Shift-Dir - straight line, f/p - wyvern
Aim: a wyvern (lightly wounded, 83% to hit)
You miscast Sandblast.
You are very lightly contaminated with residual magic.
Nothing appears to happen.
The wyvern barely misses you. The wyvern bites you!
Unknown command.
Casting: Sandblast (safe; 3% risk of failure)
Confirm with . or Enter, or press ? or * to list all spells.
Aiming: Sandblast (safe; 3% risk of failure)
Press: ? - help, Shift-Dir - straight line, f/p - wyvern
Aim: a wyvern (lightly wounded, 83% to hit)
The blast of sand hits the wyvern.
The wyvern is lightly wounded.
The wyvern bites you!
The wyvern bites you but does no damage.
Casting: Sandblast (safe; 3% risk of failure)
Confirm with . or Enter, or press ? or * to list all spells.
Aiming: Sandblast (safe; 3% risk of failure)
Press: ? - help, Shift-Dir - straight line, f/p - wyvern
Aim: a wyvern (lightly wounded, 83% to hit)
The blast of sand hits the wyvern.
The wyvern is moderately wounded.
The wyvern bites you.
* * * LOW HITPOINT WARNING * * *
The wyvern bites you!
You die...

#.#######
#.......#
###.#####.# #
#.......#.#
#.....###.#.#
#.#.#.# #.#.#
....<#.###.#.#
###.#.#.......#
#...@.....###
###l####### #.
#. #. #. #. #.


You could see a wyvern.

Vanquished Creatures
  A black bear (D:5)
  A phantom (D:4)
  2 scorpions
  A hound (D:4)
  2 orc priests (D:4)
  An iguana (D:4)
  Natasha (thrice) (D:3)
  10 adders
  2 worms
  4 dart slugs
  5 orcs
  12 ball pythons
  3 bats
  14 endoplasms
  8 giant cockroaches
  8 hobgoblins
  A jackal (D:2)
  2 quokkas
  2 frilled lizards
  16 goblins
  7 kobolds
  9 rats
114 creatures vanquished.

Notes
Turn   | Place    | Note
-------+----------+-------------------------------------------
     0 | D:1      | growler the Demonspawn Wanderer began the quest for the
                  | Orb.
     0 | D:1      | growler set off with the following items: a +2 dagger, a
                  | potion of heal wounds, 9 poisoned darts, a +0 dagger, a
                  | scroll of summoning, a +0 robe; and the following spell
                  | memorised: Sandblast; and the following spells available to
                  | memorise: Stone Arrow.
     0 | D:1      | Reached XP level 1. HP: 13/13 MP: 2/2
    76 | D:1      | Found a faded altar of an unknown god.
   265 | D:1      | Gained mutation: You are partially covered in yellow
                  | scales. (AC +2) [demonic ancestry]
   265 | D:1      | Reached XP level 2. HP: 17/19 MP: 1/4
  1162 | D:2      | Gained mutation: Your touch may inflict minor irresistible
                  | damage on your foes. [demonic ancestry]
  1162 | D:2      | Reached XP level 3. HP: 24/24 MP: 3/6
  1203 | D:2      | Identified the +2 ring mail of Jyqav {rPois rF+ Int+3
                  | Dex-3}
  1621 | D:2      | Gained mutation: You are mostly covered in yellow scales.
                  | (AC +3) [demonic ancestry]
  1621 | D:2      | Reached XP level 4. HP: 26/30 MP: 7/7
  2609 | D:3      | Reached XP level 5. HP: 26/35 MP: 0/9
  2855 | D:3      | Noticed Natasha
  2860 | D:3      | Killed Natasha
  2944 | D:3      | Noticed Natasha
  2980 | D:3      | Killed Natasha
  3018 | D:3      | Found a runed translucent door.
  3018 | D:3      | Noticed AverageBear's ghost (amateur DsFi)
  3837 | D:3      | Found a runed translucent door.
  4047 | D:3      | Noticed Natasha
  4051 | D:3      | Killed Natasha
  4463 | D:4      | Reached XP level 6. HP: 16/41 MP: 0/11
  4654 | D:4      | Learned a level 3 spell: Stone Arrow
  5375 | D:4      | Reached XP level 7. HP: 40/46 MP: 7/14
  5704 | D:5      | Entered Level 5 of the Dungeon
  5768 | D:5      | Reached skill level 5 in Spellcasting
  5768 | D:5      | Reached skill level 5 in Earth Magic
  6018 | D:5      | Noticed a wyvern
  6023 | D:5      | Slain by a wyvern

Illustrated notes

Levels and vault maps discovered:
D:1:      scummos_arrival_checkerplants, layout_basic,
          ebering_ecumenical_altar_mist, minmay_surrounded
D:2:      minmay_razor_zed, layout_rooms, nicolae_concentric_dashed_squares_wild
D:3:      minmay_general_purpose_star, layout_loops_ring,
          hellmonk_ghost_happy_afterlife, st_stairs_11, minmay_checkerbox,
          uniq_natasha
D:4:      layout_basic, chequers_serial_rivers_large_a
D:5:      layout_basic, nicolae_overflow_two_pavilions, uniq_grinder

Skill      XL: |  1  2  3  4  5  6  7 |
---------------+----------------------+-----
Spellcasting   | 2 3 4 5 |  5.0
Earth Magic    | 2 3 4 5 |  5.5
Throwing       | |  1.7
Armour         | |  1.7
Stealth        | |  3.6

Action                   |  1- 3 |  4- 6 |  7- 9 || total
-------------------------+-------+-------+-------++-------
Melee: Dagger            |    62 |    15 |       ||    77
       Touch             |     6 |     3 |       ||     9
 Cast: Sandblast         |    23 |   130 |    21 ||   174
  Use: Scroll            |       |       |     5 ||     5
 Stab: Sleeping          |     4 |     1 |       ||     5
Armor: Robe              |     8 |       |       ||     8
       Ring mail         |    21 |    43 |    12 ||    76
Dodge: Dodged            |    36 |    42 |    14 ||    92
